Map: Blackpink LE

Players

llllllllllll

  • Race: Terran Terran
  • League: Grandmaster
  • Spawn Location: 7:00

Hurricane - Winner!

  • Race: Protoss Protoss
  • League: Grandmaster
  • Spawn Location: 1:00

VOD

Have the link to the VOD?

Description

Time

  • Played on: Feb. 2, 2018, 11:06 a.m.
  • Length: 14:18
Show
View Real Time Build Order
Export as new Build Order

llllllllllll Terran 

Build Orders: Reaper Expand, MMM Bio 

Get SALT Encoding   

  12  0:01  SCV  
  13  0:13  SCV  
  14  0:16  Supply Depot  
  14  0:25  SCV  
  15  0:38  SCV  
  15  0:40  Barracks  
  16  0:44  Refinery  
  16  0:50  SCV  
  17  1:02  SCV  
  18  1:14  SCV  
  19  1:27  Reaper, Orbital Command  
  20  1:40  Command Center  
  20  1:50  Supply Depot  
  20  1:52  SCV  
  21  1:59  Barracks Reactor  
  21  2:05  SCV  
  22  2:17  SCV  
  22  2:21  Barracks  
  23  2:23  Command Center  
  23  2:29  SCV  
  24  2:36  Marine  
  24  2:37  Marine  
  25  2:40  Barracks  
  25  2:43  SCV  
  27  2:52  Orbital Command  
  27  2:54  Marine x2  
  29  3:01  SCV  
  29  3:05  Engineering Bay  
  30  3:12  Marine x2  
  32  3:20  SCV  
  32  3:21  SCV  
  32  3:26  Barracks Tech Lab  
  34  3:30  Marine x2  
  34  3:33  Missile Turret, Terran Infantry Weapons Level 1  
  34  3:34  SCV x2  
  38  3:40  Orbital Command  
  38  3:46  SCV x2  
  38  3:47  Stimpack  
  40  3:49  Marine  
  40  3:51  Marine  
  40  3:53  Marine  
  43  3:58  Barracks  
  43  4:01  SCV x2  
  45  4:08  Marine  
  45  4:09  Bunker, Marine  
  46  4:10  SCV  
  46  4:13  SCV  
  46  4:15  Factory  
  48  4:18  SCV  
  48  4:20  Refinery  
  48  4:22  Refinery  
  48  4:23  SCV  
  50  4:25  Marine  
  50  4:26  Marine  
  50  4:27  SCV  
  52  4:34  Supply Depot, SCV  
  52  4:38  Marine  
  52  4:40  SCV  
  52  4:45  SCV  
  55  4:46  Barracks Tech Lab  
  55  4:47  Marine x2  
  57  4:53  Supply Depot, SCV  
  57  4:57  SCV  
  57  4:59  Factory Reactor, Starport  
  59  5:02  SCV  
  59  5:05  Marauder  
  62  5:08  SCV, Barracks  
  62  5:09  SCV  
  62  5:10  Barracks, Refinery  
  64  5:14  SCV  
  64  5:15  Supply Depot, Marine x2  
  64  5:20  SCV, Orbital Command  
  64  5:21  Combat Shields  
  68  5:23  SCV  
  69  5:28  Terran Infantry Armor Level 1  
  69  5:33  SCV  
  69  5:36  SCV  
  69  5:40  Missile Turret  
  69  5:41  Marine, Marauder  
  73  5:43  Marine  
  73  5:44  Marauder  
  73  5:45  SCV  
  73  5:46  SCV, Factory Reactor  
  73  5:48  SCV, Medivac, Concussive Shells  
  81  5:57  SCV  
  81  5:58  Barracks Reactor, SCV, Barracks Tech Lab, Supply Depot x2  
  81  6:00  SCV  
  84  6:04  Marine  
  84  6:09  Supply Depot  
  85  6:14  Supply Depot  
  85  6:19  SCV, Marine x2, Medivac  
  85  6:20  SCV, Medivac, Marauder  
  85  6:21  Marine, Refinery  
  96  6:26  Widow Mine, Supply Depot  
  96  6:27  Widow Mine  
  96  6:28  Marine  
  101  6:37  Marine  
  101  6:38  Marine, Marauder  
  101  6:39  Missile Turret x2, Marauder  
  107  6:41  Marine, Marauder  
  107  6:46  Marine  
  111  6:48  Widow Mine  
  111  6:49  Medivac  
  111  6:53  Supply Depot  
  114  6:55  Marine  
  114  6:58  Widow Mine, Medivac  
  114  6:59  Marauder  
  121  7:01  Marine  
  121  7:02  Supply Depot x2, Marine  
  122  7:10  Widow Mine  
  124  7:16  Marine, Marauder  
  126  7:23  Medivac  
  126  7:26  Marine  
  126  7:27  Marauder  
  131  7:31  Widow Mine x2  
  131  7:33  Medivac  
  137  7:39  Marine x2  
  137  7:40  Marauder x2  
  137  7:43  Supply Depot  
  143  7:44  Supply Depot  
  143  7:46  Supply Depot, Marine  
  143  7:48  Marauder  
  143  7:53  Medivac  
  137  8:03  Medivac  
  137  8:04  Widow Mine  
  137  8:07  Widow Mine  
  129  8:14  Marine  
  129  8:15  Marauder  
  120  8:23  Medivac  
  114  8:31  Marine  
  114  8:32  Marauder  
  105  8:38  Marine  
  105  8:39  Marine x2, Marauder  
  107  8:45  Viking  
  107  8:47  SCV x2, Marine  
  107  8:48  SCV  
  111  8:49  Marine  
  111  8:50  Starport  
  111  8:53  Viking, Marauder  
  116  8:56  Marine  
  116  8:58  Marine  
  116  8:59  SCV  
  116  9:00  Marauder  
  116  9:01  SCV, Armory  
  122  9:03  Marine  
  122  9:05  Marauder  
  122  9:07  Marine  
  124  9:14  Marine  
  124  9:15  Viking, Marauder  
  124  9:16  Marine  
  130  9:21  Marine  
  130  9:22  Marauder  
  130  9:23  Viking  
  135  9:26  Marine, Marauder  
  135  9:28  Viking x2  
  142  9:32  Marine  
  142  9:34  Marine  
  142  9:36  Marauder  
  146  9:38  Marine  
  146  9:41  Supply Depot  
  146  9:43  Marauder  
  146  9:44  Marine  
  150  9:48  Marauder  
  150  9:49  Viking  
  150  9:51  Marine  
  155  9:53  Marine  
  155  9:55  Viking  
  155  9:56  SCV  
  155  9:57  Marine, Marauder  
  162  10:02  Marine  
  162  10:05  Viking, Marauder  
  167  10:07  Viking  
  167  10:09  Marine, Marauder  
  167  10:12  Marine  
  173  10:18  Liberator  
  173  10:19  Viking, Marauder  
  175  10:22  Marine, Liberator  
  175  10:25  Viking  
  175  10:26  Marauder  
  176  10:31  Marauder  
  176  10:33  Liberator  
  176  10:35  Supply Depot  
  181  10:38  Liberator  
  180  10:47  Marauder  
  180  10:49  Marauder  
  181  10:52  Marauder  
  181  10:54  Marine  
  181  10:57  Marine  
  157  10:58  Marine  
  157  11:01  Liberator  
  157  11:02  Marine  
  144  11:05  Liberator  
  144  11:09  Marauder  
  144  11:11  Marauder  
  129  11:12  Marine  
  129  11:13  Marauder  
  129  11:14  Marine  
  129  11:16  Marine  
  133  11:20  Marine  
  137  11:25  Liberator  
  137  11:29  Marine  
  137  11:30  Marauder  
  137  11:32  Marine, Marauder  
  137  11:34  Marine, Liberator  
  137  11:35  Marauder  
  137  11:38  Marine  
  125  11:44  Liberator  
  125  11:47  Marine  
  125  11:50  Widow Mine, Marine  
  125  11:52  Marine, Marauder  
  125  11:54  Marauder  
  137  11:55  Marine  
  137  11:59  Command Center  
  137  12:00  Marine  
  142  12:04  Refinery  
  142  12:05  Marine  
  142  12:08  Marine  
  144  12:10  Orbital Command  
  144  12:11  Widow Mine  
  144  12:12  Liberator  
  144  12:13  Marauder  
  144  12:14  Marine, Marauder  
  144  12:15  Marauder  
  153  12:17  Marine  
  153  12:23  Marine  
  157  12:32  Marine  
  157  12:34  Marine, Marauder  
  157  12:35  Marauder  
  157  12:36  Marine, Marauder  
  163  12:45  Marine  
  163  12:50  Marine  
  165  12:52  Marine  
  165  12:54  Marine  
  165  12:56  Marine, Marauder  
  165  12:58  Marine  
  167  13:02  Liberator  
  166  13:11  Marine  
  166  13:12  Liberator  
  143  13:13  Orbital Command, Marine  
  143  13:14  Marine, Marauder  
  143  13:16  Marine, Marauder  
  143  13:17  Marauder  
  143  13:31  Marine x2  
  148  13:36  Marauder  
  148  13:38  Marine x2  
  148  13:39  Marine  
  152  13:43  Marine  
  142  13:49  Marine x2  
  142  13:56  Marine x2  
  142  13:57  Marine  
Show
View Real Time Build Order
Export as new Build Order

Hurricane Protoss - Winner!

Build Orders: 1 Gate Expand, Oracle Opening 

Get SALT Encoding   

  12  0:01  Probe  
  13  0:13  Probe  
  14  0:20  Pylon  
  14  0:25  Probe (Chrono Boost)  
  15  0:38  Gateway  
  15  0:39  Probe (Chrono Boost)  
  16  0:46  Probe (Chrono Boost)  
  16  0:47  Assimilator  
  17  0:53  Probe  
  18  1:05  Probe  
  19  1:17  Probe  
  20  1:24  Nexus  
  20  1:33  Cybernetics Core  
  20  1:37  Probe  
  21  1:44  Assimilator  
  21  1:49  Probe  
  21  1:52  Pylon  
  22  2:01  Probe  
  23  2:08  Adept (Chrono Boost)  
  23  2:13  Probe  
  26  2:19  Stargate  
  26  2:25  Probe  
  26  2:26  Stalker (Chrono Boost)  
  29  2:36  Probe  
  30  2:39  Warp Gate  
  30  2:42  Probe  
  31  2:48  Probe  
  32  2:54  Probe  
  33  3:00  Probe (Chrono Boost)  
  33  3:02  Oracle (Chrono Boost)  
  37  3:11  Probe (Chrono Boost)  
  39  3:13  Probe (Chrono Boost)  
  40  3:20  Probe (Chrono Boost)  
  40  3:21  Probe (Chrono Boost)  
  40  3:22  Assimilator  
  40  3:25  Assimilator  
  40  3:26  Gateway  
  41  3:27  Probe  
  41  3:31  Probe  
  41  3:33  Gateway  
  43  3:35  Pylon  
  43  3:39  Probe  
  44  3:43  Probe  
  45  3:51  Probe  
  45  3:55  Probe  
  47  3:56  Twilight Council  
  47  3:57  Forge  
  47  4:03  Probe  
  47  4:07  Probe, Pylon  
  49  4:15  Robotics Facility  
  49  4:16  Probe  
  50  4:19  Probe, Protoss Ground Weapons Level 1 (Chrono Boost)  
  50  4:24  Pylon  
  51  4:30  Probe  
  52  4:33  Probe  
  52  4:34  Blink (Chrono Boost)  
  53  4:48  Nexus  
  53  4:50  Pylon  
  54  4:52  Probe  
  54  4:54  Probe  
  54  4:58  Sentry x3  
  61  5:05  Probe, Observer  
  63  5:07  Robotics Bay  
  63  5:08  Probe  
  64  5:17  Probe  
  64  5:20  Probe  
  66  5:23  Stalker x2  
  66  5:26  Observer  
  71  5:29  Probe  
  71  5:32  Gateway  
  71  5:33  Probe  
  73  5:38  Gateway  
  73  5:41  Probe  
  74  5:45  Probe  
  74  5:47  Gateway  
  74  5:48  Observer (Chrono Boost)  
  76  5:53  Probe  
  77  5:58  Probe  
  77  6:00  Colossus (Chrono Boost)  
  84  6:05  Probe  
  84  6:06  Protoss Ground Armor Level 1 (Chrono Boost)  
  84  6:08  Extended Thermal Lance  
  84  6:11  Probe  
  86  6:12  Probe  
  86  6:13  Pylon  
  86  6:18  Charge (Chrono Boost)  
  87  6:23  Gateway  
  87  6:24  Gateway  
  87  6:33  Stalker x2  
  87  6:34  Stalker x2  
  87  6:38  Assimilator  
  95  6:40  Probe x2  
  95  6:41  Shield Battery  
  95  6:43  Pylon  
  97  6:53  Observer  
  97  6:55  Assimilator  
  97  6:59  Pylon x2  
  97  7:00  Pylon x2  
  97  7:01  Colossus (Chrono Boost)  
  103  7:10  Zealot x3  
  108  7:18  Probe  
  108  7:19  Probe x2  
  111  7:26  Pylon  
  111  7:27  Templar Archives  
  111  7:32  Photon Cannon  
  111  7:36  Pylon  
  103  7:38  Stalker x5  
  113  7:47  Stalker x2  
  113  7:48  Stalker  
  119  8:03  Observer  
  119  8:04  Zealot x5  
  92  8:20  Zealot x3  
  92  8:21  Colossus (Chrono Boost)  
  98  8:29  Stalker x4  
  96  8:34  Protoss Ground Weapons Level 2 (Chrono Boost)  
  96  8:40  Stalker x3  
  91  8:50  Psionic Storm  
  91  8:53  Gateway  
  91  8:56  Gateway  
  91  8:57  Gateway  
  91  8:58  Zealot x3, High Templar  
  97  9:08  Pylon  
  97  9:09  High Templar  
  99  9:10  High Templar  
  99  9:11  Warp Prism  
  103  9:17  Nexus  
  103  9:24  Photon Cannon, Stalker x2  
  103  9:26  Observer, High Templar  
  103  9:27  Pylon  
  107  9:35  Pylon  
  108  9:38  Probe x3, Forge  
  108  9:40  Pylon  
  110  9:49  Stalker x2  
  110  9:50  Sentry  
  110  9:51  Stalker  
  120  10:00  Colossus  
  120  10:04  High Templar  
  123  10:10  Zealot x3, High Templar  
  129  10:23  Zealot  
  129  10:24  Zealot x3  
  137  10:31  Probe x4  
  141  10:41  Stalker x3  
  147  10:45  Stalker  
  147  10:51  Archon  
  147  10:54  Archon  
  147  10:55  Zealot  
  147  10:56  Zealot x4  
  130  10:59  Zealot  
  114  11:07  Zealot x3  
  110  11:14  Stalker  
  110  11:17  Probe x3, Colossus  
  110  11:18  Probe  
  122  11:27  Stalker x4  
  126  11:37  Archon  
  126  11:38  Observer  
  116  11:41  Observer, High Templar x3  
  116  11:42  High Templar  
  116  11:43  Probe x4  
  116  11:44  Assimilator  
  116  11:45  Assimilator  
  126  11:47  Protoss Ground Weapons Level 3 (Chrono Boost)  
  126  11:49  Protoss Ground Armor Level 2 (Chrono Boost)  
  126  11:57  Pylon, Sentry  
  126  11:58  Zealot x4  
  136  12:02  Colossus  
  142  12:24  Zealot x7, High Templar x2  
  142  12:26  Zealot  
  161  12:30  Pylon  
  161  12:47  Zealot x4  
  169  12:53  Colossus  
  149  13:18  Archon x2  
  149  13:19  High Templar  
  145  13:20  High Templar  
  145  13:21  Stalker x8  
  145  13:25  Nexus  
  163  13:32  Pylon  
  163  13:46  Zealot x4, High Templar x2  
  163  13:47  Stalker x2  
  175  14:02  Stalker x2  
Tags
 
Add a new tag
Caveats
  • Supply blocks, unpowered buildings, or Contaminate may cause inaccurate times.
  • Supply counts are checked every 10 seconds.